Map: Orbital Shipyard

Players

LilDicky

  • Race: Terran Terran
  • League: Diamond

Loon - Winner!

  • Race: Zerg Zerg
  • League: Diamond

VOD

http://www.twitch.tv/tumescentpie

Description

Time

  • Played on: Dec. 6, 2015, 12:59 a.m.
  • Length: 4:00
Show
View Real Time Build Order
Export as new Build Order

LilDicky Terran 

Build Orders: Reaper Expand 

Get SALT Encoding   

  12  0:01  SCV  
  13  0:13  SCV  
  14  0:18  Supply Depot  
  14  0:25  SCV  
  15  0:32  Refinery  
  15  0:40  SCV  
  16  0:45  Barracks  
  16  0:52  SCV  
  18  1:04  SCV  
  18  1:17  SCV  
  19  1:32  Reaper  
  21  1:34  Orbital Command  
  20  1:45  Command Center  
  20  1:58  Supply Depot  
  20  2:01  SCV  
  21  2:04  Reaper  
  22  2:29  Factory  
  22  2:35  SCV  
  22  2:36  Reaper  
  23  3:05  SCV  
  23  3:08  Orbital Command, Marine  
  24  3:18  Command Center  
  24  3:20  Factory Tech Lab  
  24  3:26  Marine  
Show
View Real Time Build Order
Export as new Build Order

Loon Zerg - Winner!

Build Orders: Pool Only, Zergling Baneling 

Get SALT Encoding   

  12  0:03  Drone  
  13  0:09  Drone  
  14  0:29  Extractor  
  14  0:30  Spawning Pool  
  14  0:32  Drone  
  13  0:43  Drone  
  14  0:59  Overlord  
  14  1:17  Queen  
  16  1:20  Zergling x6  
  19  1:31  Overlord  
  19  1:34  Metabolic Boost  
  19  1:44  Zergling x2  
  20  2:00  Baneling Nest, Zergling x2  
  20  2:12  Zergling x2  
  21  2:33  Zergling x8  
  24  2:50  Zergling x2  
  24  2:51  Zergling x2  
  24  3:05  Zergling x6  
  27  3:06  Zergling x2  
  27  3:08  Baneling x3  
  27  3:09  Baneling x3  
  27  3:10  Baneling x2  
  28  3:18  Zergling x2  
  28  3:23  Zergling x2  
  26  3:37  Zergling x4  
  26  3:39  Zergling x4  
Tags
 
Add a new tag
Caveats
  • Supply blocks, unpowered buildings, or Contaminate may cause inaccurate times.
  • Supply counts are checked every 10 seconds.